Map: Nightscape LE

Players

MattBarry - Winner!

  • Race: Terran Terran
  • Spawn Location: 7:00

MattBarry - Winner!

  • Race: Zerg Zerg
  • Spawn Location: 7:00

Flint

  • Race: Terran Terran
  • Spawn Location: 1:00

SeamyComic

  • Race: Terran Terran
  • Spawn Location: 1:00

VOD

Have the link to the VOD?

Description

Time

  • Played on: Jan. 5, 2023, 2:40 a.m.
  • Length: 7:01
Show
View Real Time Build Order
Export as new Build Order

MattBarry Terran - Winner!

Build Orders: 2 Factory 

Get SALT Encoding   

  12  0:01  SCV  
  13  0:13  SCV  
  14  0:17  Supply Depot  
  14  0:25  SCV  
  15  0:39  SCV  
  15  0:40  Barracks  
  16  0:51  SCV  
  17  1:03  SCV  
  18  1:18  SCV, Command Center  
  19  1:27  Marine  
  19  1:30  Orbital Command  
  20  1:36  Supply Depot  
  20  1:43  Refinery  
  20  1:45  Marine  
  21  1:56  SCV  
  22  2:03  Marine  
  22  2:07  Refinery  
  23  2:08  SCV  
  24  2:21  SCV  
  25  2:33  SCV  
  27  2:45  SCV  
  27  2:50  Barracks Reactor  
  27  2:51  Factory  
  27  2:57  SCV  
  28  3:09  Orbital Command  
  28  3:19  SCV  
  29  3:28  Factory  
  29  3:36  Barracks Tech Lab  
  29  3:38  Engineering Bay  
  29  3:41  Hellion x2  
  33  3:43  SCV x2  
  35  3:48  Refinery  
  35  3:51  Supply Depot  
  35  3:55  SCV x2  
  37  4:02  Hellion x2  
  41  4:07  SCV x2  
  43  4:18  Starport, Siege Tank  
  43  4:19  SCV x2  
  43  4:24  Supply Depot x2  
  48  4:31  SCV x2  
  50  4:40  Widow Mine x2  
  50  4:45  SCV x2, Barracks Reactor  
  56  4:52  Command Center  
  56  4:54  Refinery  
  56  4:57  SCV x2  
  58  5:09  SCV x2  
  60  5:20  Supply Depot  
  60  5:22  SCV x2  
  62  5:30  Hellion x2, Siege Tank  
  62  5:34  SCV  
  70  5:39  SCV  
  69  5:52  SCV x2  
  69  5:54  Hellion  
  69  5:55  Hellion  
  75  6:02  Siege Tank  
Show
View Real Time Build Order
Export as new Build Order

MattBarry Zerg - Winner!

Build Orders: Hatch First, Zergling Baneling 

Get SALT Encoding   

  12  0:01  Drone  
  13  0:12  Overlord  
  13  0:18  Drone  
  14  0:31  Drone  
  15  0:36  Drone  
  16  0:54  Drone  
  17  0:59  Hatchery  
  17  1:03  Drone x2  
  18  1:14  Spawning Pool  
  18  1:18  Drone  
  18  1:20  Drone  
  19  1:31  Extractor  
  18  1:37  Drone  
  19  1:47  Extractor  
  18  1:58  Drone  
  18  2:00  Drone  
  20  2:05  Overlord  
  20  2:15  Queen  
  22  2:17  Queen  
  24  2:28  Drone x2  
  26  2:37  Drone  
  26  2:38  Zergling x4  
  29  2:50  Drone  
  29  2:51  Drone  
  31  2:57  Metabolic Boost  
  31  3:02  Lair  
  31  3:06  Baneling Nest  
  31  3:12  Evolution Chamber  
  29  3:18  Evolution Chamber  
  29  3:19  Drone x2  
  30  3:20  Drone  
  30  3:21  Drone  
  30  3:22  Drone x2  
  34  3:32  Zergling x4  
  36  3:37  Overlord  
  36  3:57  Zerg Melee Weapons Level 1  
  36  3:58  Zerg Ground Armor Level 1  
  36  4:09  Zergling x16  
  44  4:37  Baneling x5  
  44  4:38  Baneling x3  
  44  4:42  Centrifugal Hooks  
  44  4:47  Overlord  
  44  4:48  Overlord  
  44  5:01  Queen  
  39  5:16  Zergling x8  
  39  5:17  Zergling x10  
  43  5:24  Zergling x2  
  43  5:25  Zergling x10  
  49  5:57  Baneling x7  
  49  5:58  Baneling x9  
  49  5:59  Zergling x6  
  49  6:00  Zergling x10  
  57  6:08  Drone  
  46  6:36  Zergling x4  
  46  6:37  Zergling x16  
Show
View Real Time Build Order
Export as new Build Order

Flint Terran 

Build Orders:  

Get SALT Encoding   

  12  0:00  SCV  
  13  0:12  SCV  
  14  0:24  SCV  
  15  0:29  Supply Depot  
  15  0:51  SCV  
  15  0:52  Barracks  
  16  1:03  SCV  
  17  1:12  Barracks x2  
  17  1:13  Refinery  
  17  1:15  SCV  
  18  1:27  SCV  
  19  1:39  SCV  
  20  1:52  SCV  
  21  1:56  Supply Depot, Barracks  
  21  2:03  Barracks Tech Lab  
  21  2:04  SCV  
  21  2:06  Supply Depot  
  21  2:07  Barracks Tech Lab  
  22  2:20  Orbital Command  
  22  2:50  SCV  
  23  2:53  Command Center  
  23  3:02  SCV, Refinery  
  24  3:10  Factory  
  24  3:14  SCV  
  25  3:21  Supply Depot  
  25  3:26  SCV  
  26  3:38  SCV  
  27  3:50  SCV  
  28  4:03  Command Center  
  28  4:06  Orbital Command  
  28  4:10  SCV  
  29  4:22  SCV  
  30  4:36  SCV x2  
  32  4:44  Command Center  
  32  4:56  SCV x2  
  34  5:02  Command Center  
  34  5:08  SCV x2  
  33  5:21  Barracks Tech Lab  
  33  5:23  Orbital Command  
  33  5:24  Supply Depot  
  33  5:29  SCV  
  33  5:30  SCV  
  35  5:42  Marine x3, SCV x2  
  39  5:43  Marine  
  39  5:54  SCV x2  
  41  6:00  Marine x2  
  43  6:06  Orbital Command, SCV x2  
  43  6:10  SCV  
  46  6:18  SCV x2  
  48  6:22  SCV  
  47  6:26  Marine, Marauder x2  
  47  6:30  SCV x2  
  55  6:34  SCV  
  56  6:42  SCV x2  
  56  6:46  SCV  
Show
View Real Time Build Order
Export as new Build Order

SeamyComic Terran 

Build Orders:  

Get SALT Encoding   

  12  0:00  SCV  
  13  0:37  Command Center  
  13  0:41  SCV  
  14  0:49  Supply Depot  
  14  0:54  SCV  
  16  1:11  SCV  
  16  1:13  Barracks  
  16  1:23  SCV  
  17  1:29  Barracks  
  17  1:54  SCV  
  18  2:05  Marine  
  18  2:08  Orbital Command  
  19  2:17  Marine  
  19  2:20  SCV  
  21  2:23  Marine  
  21  2:28  Command Center  
  22  2:34  Orbital Command  
  22  2:37  Marine  
  22  2:41  Marine  
  24  2:47  Barracks  
  24  2:52  SCV  
  24  2:56  Marine  
  26  3:00  SCV  
  26  3:01  Marine  
  26  3:04  SCV  
  29  3:12  SCV  
  30  3:14  Marine  
  30  3:16  SCV  
  30  3:19  Marine  
  33  3:24  SCV, Refinery  
  33  3:26  Refinery  
  34  3:28  SCV  
  34  3:31  Marine  
  36  3:36  SCV  
  36  3:37  Marine  
  38  3:43  Marine  
  39  3:49  Marine  
  39  3:54  Marine  
  39  3:55  Orbital Command  
  41  4:00  SCV x2  
  41  4:01  Marine  
  44  4:07  Marine  
  45  4:12  Marine, SCV x2  
  48  4:19  Marine, Factory  
  49  4:26  Barracks Reactor  
  49  4:30  Marine  
  50  4:32  SCV x3  
  50  4:34  Refinery  
  50  4:37  Refinery  
  53  4:42  Barracks Tech Lab  
  53  4:46  Refinery  
  53  4:49  Supply Depot  
  53  4:52  Supply Depot  
  53  4:53  Supply Depot  
  53  5:10  SCV x3  
  56  5:19  Starport  
  54  5:23  SCV x3  
  57  5:28  Refinery  
  57  5:31  Marine  
  57  5:33  Marine x2  
  57  5:34  Barracks Tech Lab  
  57  5:35  Widow Mine, SCV x2  
  60  5:46  Barracks  
  60  5:53  SCV  
  60  5:54  SCV x2  
  63  5:58  Medivac  
  65  6:06  SCV x2  
  67  6:14  Marine, Fusion Core  
  67  6:16  Marine x3  
  71  6:20  Widow Mine  
  60  6:32  Marine  
Tags
 
Add a new tag
Caveats
  • Supply blocks, unpowered buildings, or Contaminate may cause inaccurate times.
  • Supply counts are checked every 10 seconds.